Map: [ESL] Alcyone

Players

Nice - Winner!

  • Race: Protoss Protoss
  • Spawn Location: 7:00

SCV

  • Race: Protoss Protoss
  • Spawn Location: 1:00

Event: ESL SC2 Masters 2023 Winter (Regional)

VOD

Have the link to the VOD?

Description

Time

  • Played on: Oct. 27, 2023, 8:21 a.m.
  • Length: 5:16

All games in this series

Show
View Real Time Build Order
Export as new Build Order

Nice Protoss - Winner!

Build Orders:  

Get SALT Encoding   

  12  0:00  Probe  
  13  0:12  Probe  
  14  0:18  Pylon  
  14  0:24  Probe  
  15  0:37  Probe (Chrono Boost)  
  15  0:38  Gateway  
  16  0:47  Assimilator  
  16  0:48  Probe (Chrono Boost)  
  17  0:52  Assimilator  
  17  0:54  Probe (Chrono Boost)  
  18  1:05  Probe (Chrono Boost)  
  18  1:09  Gateway  
  19  1:14  Probe (Chrono Boost)  
  20  1:19  Probe (Chrono Boost)  
  21  1:25  Cybernetics Core  
  21  1:31  Probe  
  22  1:37  Pylon  
  22  1:43  Probe  
  23  1:55  Probe  
  24  2:02  Warp Gate (Chrono Boost), Stalker x2  
  28  2:14  Pylon  
  28  2:32  Stalker x2  
  31  2:40  Gateway  
  31  3:02  Stalker x2  
  35  3:09  Gateway  
  35  3:17  Pylon  
  35  3:26  Shield Battery  
  34  3:44  Stalker x3  
  40  4:06  Stalker  
  42  4:14  Stalker x2  
  42  4:27  Stalker  
  34  4:47  Stalker  
  34  4:48  Stalker  
  38  5:01  Stalker  
Show
View Real Time Build Order
Export as new Build Order

SCV Protoss 

Build Orders: Oracle Opening 

Get SALT Encoding   

  12  0:00  Probe  
  13  0:12  Probe  
  14  0:17  Pylon  
  14  0:24  Probe (Chrono Boost)  
  15  0:36  Probe (Chrono Boost)  
  15  0:37  Gateway  
  16  0:45  Probe (Chrono Boost)  
  16  0:46  Assimilator  
  17  0:51  Probe  
  18  1:03  Probe (Chrono Boost)  
  19  1:04  Assimilator  
  19  1:08  Gateway  
  19  1:14  Probe (Chrono Boost)  
  20  1:19  Probe (Chrono Boost)  
  20  1:24  Cybernetics Core  
  21  1:29  Probe  
  22  1:34  Pylon  
  22  1:41  Probe  
  23  1:53  Probe  
  24  2:02  Warp Gate, Stalker x2  
  24  2:08  Pylon  
  28  2:15  Shield Battery  
  30  2:37  Stargate  
  28  2:46  Nexus  
  28  2:54  Stalker  
  30  3:02  Probe  
  30  3:08  Shield Battery  
  30  3:14  Probe  
  30  3:18  Oracle (Chrono Boost)  
  35  3:31  Shield Battery, Pylon  
  35  3:32  Probe  
  35  3:45  Oracle (Chrono Boost), Probe  
  39  3:55  Stalker  
  39  3:56  Stalker  
  37  4:20  Stalker x2  
  37  4:23  Probe  
Tags
 
Add a new tag
Caveats
  • Supply blocks, unpowered buildings, or Contaminate may cause inaccurate times.
  • Supply counts are checked every 10 seconds.